 Seeded DCSS version 0.25.1-8-g42b30a86e7 (webtiles) character file.

Game seed: 20201215 (custom seed)

144 radhat240 the Ducker (level 5, -4/52 HPs)
             Began as a Troll Fighter on Dec 15, 2020.
             Slain by an adder (5 damage)
             ... on level 3 of the Dungeon.
             The game lasted 00:07:27 (1575 turns).

radhat240 the Ducker (Troll Fighter)                Turns: 1575, Time: 00:07:27

Health: -4/52      AC:  6    Str: 25    XL:     5   Next: 5%
Magic:  4/4        EV:  8    Int:  4    God:
Gold:   117        SH:  9    Dex:  9    Spells: 4/4 levels left

rFire    . . .     SeeInvis .     - Unarmed
rCold    . . .     Gourm    +   b - +0 kite shield
rNeg     . . .     Faith    +   f - +0 robe
rPois    .         Spirit   .   (helmet restricted)
rElec    .         Reflect  .   (no cloak)
rCorr    .         Harm     .   (gloves unavailable)
MR       .....                  (boots unavailable)
Stlth    +.........             h - amulet of faith
HPRegen  0.57/turn              (no ring)
MPRegen  0.09/turn              (no ring)

@: lethally poisoned (-4 -> -5)
A: large, unfitting armour, claws 3, fast metabolism 3, gourmand, regeneration
1, shaggy fur 1, tough skin 3
a: no special abilities


You were on level 3 of the Dungeon.
You were completely stuffed.

You visited 1 branch of the dungeon, and saw 3 of its levels.

You collected 117 gold pieces.

Inventory:

Armour
 b - a +0 kite shield (worn)
 f - a +0 robe (worn)
Jewellery
 h - an amulet of faith (around neck)
Scrolls
 a - 5 scrolls of remove curse
 j - 3 scrolls of immolation
 m - a scroll of fear
Potions
 c - a potion of might
 e - a potion of brilliance {unknown}
 g - a potion of lignification {unknown}
 i - a potion of invisibility
 k - a potion of haste {unknown}
Comestibles
 d - 4 rations
 l - 9 chunks of flesh


   Skills:
 + Level 2.8 Fighting
 + Level 3.4 Dodging
 * Level 0.6 Stealth
 + Level 2.9 Shields
 + Level 3.1 Unarmed Combat


You had 4 spell levels left.
You didn't know any spells.
Your spell library was empty.

Dungeon Overview and Level Annotations

Branches:
Dungeon (3/15)

Altars:
Trog
Xom

Annotations:
D:3 Ijyb, Sigmund


Innate Abilities, Weirdness & Mutations

You are too large for most types of armour.
You have claws for hands.
Your metabolism is lightning-fast.
You like to eat raw meat.
Your natural rate of healing is unusually fast.
You are covered in fur. (AC +1)
You have extremely tough skin. (AC +3)


Message History

Sigmund hits you from afar with a +0 scythe!
* * * LOW HITPOINT WARNING * * *
The adder bites you.
* * * LOW HITPOINT WARNING * * *
You are more poisoned.
The adder poisons you!
You feel sick.
You feel sick.
You feel sick.
You feel sick.
Sigmund casts a spell.
Sigmund flickers and vanishes!
Deactivating autopickup; reactivate with Ctrl-A.
The adder closely misses you.
You feel sick.
There is a stone staircase leading down here.
You feel sick. The adder bites you.
* * * LOW HITPOINT WARNING * * *
The adder bites you.
You die...

.#.####...÷##..#.#,,,,* #.# #.#
...............#.#,,,,* #.# #..
##.#########...#.#,,,,* #.# ###
*#......<......#.#,,..# #.#
,##<...........#.#,,..# **,****
...........#.....#,...# *,,,,,*
..............#..#,...# *,***,*
..#############..#....# *,* *,*
..*,,,,#........@#....##*#,***,*
#.**,*,#.#......Sg.......,,,,*,*
#,**,*,*,#..####.###.##.#,**,*,*
*,**,*,*,#..####h###.##.#.**,*,*
*,,,,,,*,#................**,*,*
****,***,#..##.###.##.#.#,**,*,*
,,,,,,,*,*,.......{h†...#,,,,*,*
****,*,*,*,.##.#.##)#.#.#,**,,,*
*,,*,*,*,#.,*#........#,,,**,,**


You could see Ijyb, an adder and a jackal.

Vanquished Creatures
  Jessica (D:3)
  5 adders
  2 oozes
  A worm (D:2)
  A leopard gecko (D:3)
  9 orcs
  5 giant cockroaches
  6 goblins
  5 hobgoblins
  2 jackals (D:3)
  2 quokkas
  5 bats (D:3)
  3 frilled lizards (D:1)
  3 kobolds
50 creatures vanquished.

Notes
Turn   | Place    | Note
-------+----------+-------------------------------------------
     0 | D:1      | radhat240 the Troll Fighter began the quest for the Orb.
     0 | D:1      | Reached XP level 1. HP: 22/22 MP: 0/0
   195 | D:1      | Reached XP level 2. HP: 29/29 MP: 1/1
   713 | D:2      | Reached XP level 3. HP: 35/36 MP: 2/2
   885 | D:2      | Found a shimmering altar of Xom.
   887 | D:2      | Found an iron altar of Okawaru.
   887 | D:2      | Found a shimmering altar of Xom.
   892 | D:2      | Found a glowing silver altar of Zin.
   892 | D:2      | Found a hazy altar of Hepliaklqana.
   892 | D:2      | Found an opulent altar of Gozag.
  1237 | D:3      | Noticed Jessica
  1249 | D:3      | Killed Jessica
  1249 | D:3      | Reached XP level 4. HP: 43/44 MP: 3/3
  1368 | D:3      | Found a bloodstained altar of Trog.
  1545 | D:3      | Noticed Sigmund
  1550 | D:3      | Reached XP level 5. HP: 45/52 MP: 4/4
  1553 | D:3      | Noticed Ijyb
  1575 | D:3      | HP: 1/52 [adder (2)]
  1575 | D:3      | Slain by an adder

Illustrated notes

Levels and vault maps discovered:
D:1:      dpeg_arrival_long_road, layout_basic
D:2:      layout_basic, doesnt_xom_only_xom
D:3:      layout_basic, overflow_temple_1_default, minmay_diced_spiral,
          uniq_ijyb, uniq_jessica, uniq_terence, uniq_sigmund

Skill      XL: |  1  2  3  4 |
---------------+-------------+-----
Dodging        | 3 |  3.4
Unarmed Combat | 3 |  3.1
Fighting       | |  2.8
Stealth        | |  0.6
Shields        | |  2.9

Action                   |  1- 3 |  4- 6 || total
-------------------------+-------+-------++-------
Melee: Unarmed           |    81 |    62 ||   143
  Use: Scroll            |     5 |     2 ||     7
  Eat: Chunk             |    17 |     3 ||    20
Armor: Robe              |    34 |    36 ||    70
Dodge: Dodged            |    35 |    20 ||    55
Block: Kite shield       |    43 |    35 ||    78
